 Dungeon Crawl Stone Soup version 0.31-a0-799-g6bc09d010c (webtiles) character file.

Game seed: 14622559444173341330

207 Shayle the Trooper (level 5, 0/55 HPs)
             Began as an Ogre Hexslinger on Sept 19, 2023.
             Was an Initiate of Ashenzari.
             Succumbed to an adder's poison
             ... on level 5 of the Dungeon.
             The game lasted 00:06:06 (3291 turns).

Shayle the Trooper (Ogre Hexslinger)                Turns: 3291, Time: 00:06:07

Health: 0/55       AC:  3    Str: 12    XL:     5   Next: 85%
Magic:  10/10      EV: 15    Int: 16    God:    Ashenzari [......]
Gold:   152        SH:  0    Dex: 11    Spells: 11/11 levels left

rFire   . . .        a - +1 sling
rCold   . . .        (no shield)
rNeg    + . .        c - +0 robe
rPois   .            (helmet restricted)
rElec   .            (no cloak)
rCorr   .            (gloves unavailable)
SInv    .            (boots unavailable)
Will    .....        (no amulet)
Stlth   +            j - ring of positive energy
HPRegen 0.29/turn    f - +5 ring of evasion
MPRegen 0.12/turn

%: no passive effects
@: lethally poisoned (0 -> -1), attractive
A: large, unfitting armour, tough skin 1
a: Renounce Religion


You were on level 5 of the Dungeon.
You worshipped Ashenzari.
Ashenzari was noncommittal.
You visited 2 branches of the dungeon, and saw 6 of its levels.

You collected 152 gold pieces.

Inventory:

Hand Weapons
 a - a +1 sling (weapon)
 o - a +0 hand axe of electrocution
Armour
 c - a +0 robe (worn)
Jewellery
 f - a +5 ring of evasion (right hand)
 j - a ring of positive energy (left hand)
Wands
 h - a wand of flame (15)
 k - a wand of roots (4)
Scrolls
 b - a scroll of poison
 g - a scroll of enchant armour
 i - 3 scrolls of blinking
 l - a scroll of revelation {unknown}
 n - a scroll of torment {unknown}
Potions
 m - a potion of enlightenment


   Skills:
 + Level 4.4 Fighting
 - Level 1.3 Ranged Weapons
 - Level 1.7 Dodging
 + Level 3.5 Spellcasting
 - Level 2.6 Hexes
 + Level 2.8 Fire Magic


You had 11 spell levels left.
You didn't know any spells.
Your spell library contained the following spells:

 Spells                   Type           Power      Damage    Failure   Level
 Jinxbite                 Hex            22%        N/A       9%          2
 Inner Flame              Hex/Fire       11%        N/A       17%         3
 Summon Small Mammal      Summ           8%         N/A       19%         1
 Sigil of Binding         Hex            11%        N/A       19%         3
 Summon Guardian Golem    Hex/Summ       7%         N/A       30%         3
 Call Canine Familiar     Summ           2%         N/A       47%         3
 Cause Fear               Hex            5%         N/A       52%         4
 Dimensional Bullseye     Hex/Tloc       3%         N/A       71%         4
 Petrify                  Tmut/Erth      2%         N/A       87%         4
 Eringya's Noxious Bog    Tmut/Pois      1%         4d6       100%        6


Dungeon Overview and Level Annotations

Branches:
Dungeon (5/15)             Temple (1/1) D:4

Altars:
Ashenzari
Cheibriados
Dithmenos
Elyvilon
Fedhas
Gozag
Hepliaklqana
Kikubaaqudgha
Makhleb
Nemelex Xobeh
Okawaru
Qazlal
Ru
Sif Muna
Trog
Uskayaw
Vehumet
Wu Jian
Xom
Yredelemnul
Zin
The Shining One


Innate Abilities, Weirdness & Mutations

You are too large for most types of armour.
You have tough skin. (AC +1)


Message History

A hobgoblin comes into view.
Found a trident and 3 stones.
As you read the scroll of blinking, it crumbles to dust.
Found 10 gold pieces.
Found a ring mail.
Found an escape hatch in the floor.
Found a scroll of identify.
There is an escape hatch in the floor here.
You slide downwards.
The hatch slams shut behind you.
The adder hisses angrily.
The iguana hisses angrily.
The adder bites you but does no damage.
Found an escape hatch in the floor.
You shoot a sling bullet. The sling bullet hits the adder.
The adder is lightly wounded.
The adder barely misses you. The adder bites you.
You shoot a sling bullet. The sling bullet misses the adder.
The adder bites you but does no damage.
You shoot a sling bullet. The sling bullet hits the adder.
The adder is severely wounded.
The adder bites you.
You are poisoned.
The adder poisons you! The adder bites you but does no damage.
You shoot a sling bullet. The sling bullet misses the adder.
You feel sick. The adder completely misses you. The iguana bites you.
The adder bites you.
* * * LOW HITPOINT WARNING * * *
You shoot a sling bullet.
The sling bullet completely misses the adder.
You feel sick. The adder misses you. The iguana bites you!
* * * LOW HITPOINT WARNING * * *
Unknown command.
Blink to where?
Press: ? - help, Dir - move target, f - you, p - adder
Okay, then.
It was a potion of attraction.
You feel attractive to monsters.
* * * LOW HITPOINT WARNING * * *
You feel sick. The adder barely misses you. The iguana barely misses you.
The adder misses you.
You shoot a sling bullet. The sling bullet misses the adder.
You die...

.# .# .# #
###.###.#
##.......#
##........#
#..........
#..@S......
#..l.......
#>.........
#..........
##........#
..........
..........
#..........


You could see an iguana and an adder.

Vanquished Creatures
  A scorpion (D:5)
  A jelly (D:4)
  An orc wizard (D:3)
  2 adders
  2 worms (D:2)
  5 orcs (D:3)
  8 bats
  5 endoplasms
  3 giant cockroaches
  4 hobgoblins
  9 jackals
  2 quokkas
  4 ball pythons
  3 frilled lizards
  4 goblins
  3 kobolds
  6 rats
63 creatures vanquished.

Notes
Turn   | Place    | Note
-------+----------+-------------------------------------------
     0 | D:1      | Shayle the Ogre Hexslinger began the quest for the Orb.
     0 | D:1      | Reached XP level 1. HP: 19/19 MP: 2/2
    61 | D:1      | Reached skill level 1 in Fire Magic
   219 | D:1      | Reached XP level 2. HP: 28/28 MP: 4/4
   286 | D:1      | Reached skill level 2 in Fighting
  1092 | D:2      | Reached XP level 3. HP: 31/36 MP: 6/6
  1292 | D:2      | Got a strange book
  1401 | D:2      | Identified the +2 dagger of Beciw {antimagic, *Noise rC+
                  | rCorr Int+4}
  1410 | D:2      | Reached skill level 3 in Fighting
  1778 | D:3      | Reached XP level 4. HP: 39/45 MP: 7/7
  2606 | D:3      | Reached XP level 5. HP: 54/54 MP: 9/9
  2757 | D:3      | Found a faded altar of an unknown god.
  2873 | D:3      | Found a stormy altar of Qazlal.
  3002 | D:4      | Found a staircase to the Ecumenical Temple.
  3013 | D:4      | Reached skill level 4 in Fighting
  3046 | D:4      | Noticed an ogre
  3049 | Temple   | Entered the Ecumenical Temple
  3126 | Temple   | Became a worshipper of Ashenzari the Shackled
  3200 | D:5      | Entered Level 5 of the Dungeon
  3289 | D:5      | HP: 2/55 [iguana (13)]
  3291 | D:5      | Succumbed to an adder's poison

Illustrated notes

Levels and vault maps discovered:
D:1:      scummos_arrival_forest, layout_basic
D:2:      layout_loops_ring, minmay_circled_x
D:3:      layout_basic, grunt_qazlal_sundering,
          shapermc_ecumenical_altar_ellora, nicolae_twisty_statue_hallways
D:4:      layout_rooms, minmay_temple_entry_water_ring
D:5:      layout_rooms
Temple:   mainiacjoe_temple_starburst

Skill      XL: |  1  2  3  4  5 |
---------------+----------------+-----
Fire Magic     | 1 2 |  2.8
Fighting       | 2 3 4 |  4.4
Spellcasting   | 2 3 |  3.5
Ranged Weapons | |  1.3
Dodging        | |  1.7
Hexes          | |  2.6

Action                     |  1- 3 |  4- 6 || total
---------------------------+-------+-------++-------
  Melee: Sling             |       |     4 ||     4
   Fire: Sling             |   167 |   124 ||   291
  Evoke: Wand              |       |     5 ||     5
    Use: Scroll            |       |     6 ||     6
         Potion            |       |     1 ||     1
 Armour: Robe              |    89 |    83 ||   172
  Dodge: Dodged            |   102 |   111 ||   213

Table legend: (Time is in decaauts)
 A = Elapsed time spent in this place.
 B = Non-inter-level travel time spent in this place.
 C = Inter-level travel time spent in this place.
 D = Time resting spent in this place.
 E = Time spent auto-exploring this place.
 F = Levels seen in this place.
 G = Mean time per level.
                   A        B        C        D        E       F      G
               +--------+--------+--------+--------+--------+-----+--------+
         Total |   3389 |   3164 |    225 |    380 |   2064 |   6 |  564.8 |
       Dungeon |   3254 |   3162 |     92 |    380 |   2064 |   5 |  650.8 |
        Temple |    134 |      1 |    133 |      0 |      0 |   1 |  134.0 |
               +--------+--------+--------+--------+--------+-----+--------+

Top non-repeatable levels by time:
     D:3: 1288 daAuts
     D:1: 907 daAuts
     D:2: 880 daAuts
  Temple: 134 daAuts
     D:4: 118 daAuts
     D:5: 60 daAuts
